 Dungeon Crawl Stone Soup version 0.29.1-1-gd02db6906a (webtiles) character file.

Game seed: 8173056048804374533

7 Kold the Cudgeller (level 1, 0/16 HPs)
             Began as a Demonspawn Gladiator on Oct 19, 2022.
             Slain by a frilled lizard (3 damage)
             ... on level 1 of the Dungeon.
             The game lasted 00:00:25 (341 turns).

Kold the Cudgeller (Demonspawn Gladiator)            Turns: 341, Time: 00:00:25

Health: 0/16       AC:  4    Str: 14    XL:     1   Next: 91%
Magic:  1/1        EV: 12    Int:  9    God:
Gold:   44         SH:  0    Dex: 14    Spells: 0/0 levels left

rFire   . . .      SeeInvis .   a - +0 flail
rCold   . . .      Faith    .   (no shield)
rNeg    . . .      Spirit   .   b - +0 leather armour
rPois   .          Reflect  .   c - +0 helmet
rElec   .          Harm     .   (no cloak)
rCorr   .          Rampage  .   (no gloves)
Will    .....                   (no boots)
Stlth   +.........              (no amulet)
HPRegen 0.05/turn               (no ring)
MPRegen 0.07/turn               (no ring)

@: no status effects
A: no striking features
a: no special abilities


You were on level 1 of the Dungeon.
You visited 1 branch of the dungeon, and saw 1 of its levels.

You collected 44 gold pieces.

Inventory:

Hand Weapons
 a - a +0 flail (weapon)
Missiles
 d - a throwing net (quivered)
 e - a javelin
Armour
 b - a +0 leather armour (worn)
 c - a +0 helmet (worn)
Scrolls
 g - a scroll of fear {unknown}
Potions
 f - 2 potions of curing {unknown}


   Skills:
 - Level 2.0 Fighting
 + Level 3.1 Maces & Flails
 - Level 2.0 Throwing
 - Level 2.6 Dodging


You couldn't memorise any spells.
You didn't know any spells.
Your spell library was empty.

Dungeon Overview and Level Annotations

Branches:
Dungeon (1/15)

Altars:


Message History

The endoplasm freezes you.
You are frozen.
You hit the endoplasm.
The endoplasm is moderately wounded.
The endoplasm barely misses you. The kobold misses you. The endoplasm hits you.
Throw: 3 throwing nets
Press: ? - help, Q - select action, (/) - cycle Shift-Dir - straight line, f - endoplasm
Aim: an endoplasm (moderately wounded, 86% to hit)
You throw a throwing net.
The throwing net completely misses the endoplasm.
The throwing net barely misses the frilled lizard.
The throwing net hits the quokka.
The quokka is caught in the net!
The quokka struggles against the net.
The kobold hits you with a +0 dagger. The endoplasm freezes you.
You are frozen.
Throw: 2 throwing nets
Press: ? - help, Q - select action, (/) - cycle Shift-Dir - straight line, f/p - endoplasm
Aim: an endoplasm (moderately wounded, 86% to hit)
You throw a throwing net. The throwing net hits the endoplasm.
The endoplasm is caught in the net!
The endoplasm is moderately wounded.
The quokka struggles against the net.
The kobold barely misses you. The endoplasm freezes you.
You are frozen.
* * * LOW HITPOINT WARNING * * *
The endoplasm struggles against the net.
You hit the endoplasm.
You kill the endoplasm!
The quokka struggles against the net.
The kobold hits you but does no damage.
Your Maces & Flails skill increases to level 3!
You hit the kobold.
You kill the kobold!
The quokka struggles against the net.
The frilled lizard barely misses you.
The quokka struggles against the net.
You closely miss the frilled lizard.
The quokka struggles against the net.
The net rips apart, and the quokka comes free!
The frilled lizard closely misses you.
You miss the frilled lizard. The frilled lizard bites you.
You die...

####. ...#.....†..##...
##.......)....##..#
.###.............
#..........#..## #
...#..........### ...
####..>...♣♣..# ....#
#####[.♣...###
......##########........
.....rl@.............#..
......).................
.....##########.#.##..##
.... #.#.##.## ###
#.#.##.# ##...#..#
##...#..## #####......##
#.....#.########


You could see a quokka and a frilled lizard.

Vanquished Creatures
  2 endoplasms (D:1)
  A bat (D:1)
  A frilled lizard (D:1)
  3 kobolds (D:1)
  A rat (D:1)
8 creatures vanquished.

Notes
Turn   | Place    | Note
-------+----------+-------------------------------------------
     0 | D:1      | Kold the Demonspawn Gladiator began the quest for the Orb.
     0 | D:1      | Reached XP level 1. HP: 16/16 MP: 1/1
   339 | D:1      | Reached skill level 3 in Maces & Flails
   341 | D:1      | Slain by a frilled lizard

Illustrated notes

Levels and vault maps discovered:
D:1:      dpeg_arrival_rooms_a, layout_rooms, chequers_ecumenical_altar_twisty,
          chequers_mini_garden, item_on_display_a

Skill      XL: |  1 |
---------------+----+-----
Throwing       | 2 |  2.0
Maces & Flails | 3 |  3.1
Fighting       | |  2.0
Dodging        | |  2.6

Action                   || total
-------------------------++-------
Melee: Flail             ||    24
Throw: Throwing net      ||     2
Armor: Leather armour    ||     8
Dodge: Dodged            ||    33
